 Seeded DCSS version 0.28.0-62-gf88900778d (webtiles) character file.

Game seed: 13308717390018273966 (custom seed)

5503 cbfl8 the Cleaver (level 10, -3/88 HPs)
             Began as a Hill Orc Fighter on May 1, 2023.
             Was a Believer of Beogh.
             Killed by vampiric draining
             ... invoked by a vampire
              (21 damage)
             ... on level 9 of the Dungeon.
             The game lasted 00:11:54 (7922 turns).

cbfl8 the Cleaver (Hill Orc Fighter)                Turns: 7922, Time: 00:11:54

Health: -3/88      AC: 10    Str: 24    XL:     10   Next: 70%
Magic:  12/12      EV: 10    Int:  8    God:    Beogh [**....]
Gold:   232        SH: 12    Dex: 20    Spells: 9/9 levels left

rFire   + + .      SeeInvis .   a - +0 war axe
rCold   + . .      Faith    .   c - +0 buckler
rNeg    . . .      Spirit   .   q - +0 chain mail {Will+}
rPois   .          Reflect  +   (no helmet)
rElec   .          Harm     .   (no cloak)
rCorr   .          Rampage  .   (no gloves)
Will    +++..                   (no boots)
Stlth   ..........              l - amulet "Tacvuhui" {Reflect +Blink rF+ Will+ Regen+ SH+5}
HPRegen 1.04/turn               p - ring "Alac" {rF+ rC+ Will+ Str+4}
MPRegen 0.13/turn               r - +6 ring of dexterity

@: mighty
A: no striking features
a: Renounce Religion, Evoke Blink, Smiting


You were on level 9 of the Dungeon.
You worshipped Beogh.
Beogh was pleased with you.
You visited 1 branch of the dungeon, and saw 9 of its levels.

You collected 342 gold pieces.
You spent 110 gold pieces at shops.

Inventory:

Hand Weapons
 a - a +0 war axe (weapon)
Armour
 c - a +0 buckler (worn)
 q - a +0 chain mail of willpower (worn)
Jewellery
 l - the amulet "Tacvuhui" (around neck) {Reflect +Blink rF+ Will+ Regen+ SH+5}
   (You found it on level 2 of the Dungeon)

   [amulet of reflection]

   It reflects blocked missile attacks.
   rF:        It protects you from fire.
   +Blink:    It lets you blink.
   Regen:     It increases your rate of health regeneration.
   SH:        It affects your SH (+5).
   Will:      It increases your willpower.
 p - the ring "Alac" (left hand) {rF+ rC+ Will+ Str+4}
   (You found it on level 3 of the Dungeon)

   [ring of willpower]

   Str:       It affects your strength (+4).
   rF:        It protects you from fire.
   rC:        It protects you from cold.
   Will:      It increases your willpower.
 r - a +6 ring of dexterity (right hand)
 u - a ring of protection from cold
Wands
 A - a wand of polymorph (23)
 B - a wand of paralysis (9) (quivered)
Scrolls
 b - a scroll of enchant weapon {unknown}
 d - a scroll of vulnerability {unknown}
 e - a scroll of blinking {unknown}
 h - a scroll of fear {unknown}
 j - a scroll of amnesia {unknown}
 k - 3 scrolls of identify {unknown}
 m - a scroll of fog {unknown}
 o - a scroll of silence {unknown}
 s - 2 scrolls of teleportation {unknown}
 y - a scroll of immolation
 z - a scroll of noise {unknown}
 C - a scroll of acquirement {unknown}
Potions
 f - a potion of mutation {unknown}
 g - 2 potions of ambrosia {unknown}
 i - a potion of resistance {unknown}
 n - a potion of flight
 t - a potion of cancellation {unknown}
 x - a potion of heal wounds {unknown}


   Skills:
 * Level 8.3 Fighting
 * Level 12.6 Axes
 + Level 6.5 Armour
 * Level 3.4 Dodging
 * Level 2.8 Stealth
 * Level 7.4 Shields
 * Level 3.8 Invocations
 * Level 2.8 Evocations


You had 9 spell levels left.
You didn't know any spells.
Your spell library was empty.

Dungeon Overview and Level Annotations

Branches:
Dungeon (9/15)             Temple (0/1) D:5
   Lair: D:8-11         Orc: D:9-12

Altars:
Cheibriados
Kikubaaqudgha
Ru
Vehumet
Wu Jian

Shops:
D:4 !   D:7 (

Annotations:
D:7 1 runed translucent door, cbfl8's ghost, novice HOFi


Message History

* * * LOW HITPOINT WARNING * * *
Something draws strength from your injuries!
You feel better. Something hits you but does no damage.
Something bites you but does no damage.
You feel very mighty all of a sudden. Something hits you.
* * * LOW HITPOINT WARNING * * *
Something bites you but does no damage.
You miss something. You slice something!! You block something's attack.
Something bites you.
* * * LOW HITPOINT WARNING * * *
Something draws strength from your injuries!
You closely miss something. Something hits you.
* * * LOW HITPOINT WARNING * * *
Something bites you but does no damage.
You slash something! Something draws life force from you!
* * * LOW HITPOINT WARNING * * *
You miss something. Something hits you.
* * * LOW HITPOINT WARNING * * *
Something bites you.
* * * LOW HITPOINT WARNING * * *
Something draws strength from your injuries!
You feel better. Something hits you.
* * * LOW HITPOINT WARNING * * *
Something bites you.
* * * LOW HITPOINT WARNING * * *
Something draws strength from your injuries!
You feel better. Something hits you.
* * * LOW HITPOINT WARNING * * *
Something bites you but does no damage.
You feel better. Something hits you!
* * * LOW HITPOINT WARNING * * *
Something bites you but does no damage.
You feel better. Something hits you but does no damage.
Something bites you but does no damage.
Aiming: Paralyse
Press: ? - help, Q - select action, (/) - cycle Shift-Dir - straight line Nothing appears to happen.
Something draws life force from you!!
You die...

....# #.#
....############.#####.#
^...#.........##.......#
......#####)......#
............#.###.######
....#########.###......#.
....# #............ #####
#..#.........
#..†@{.......
#.##.........
..!..........? ...
##......... .. ##........
. #......#. #...#### ..##


There were no monsters in sight!

Vanquished Creatures
  A kobold demonologist (D:8)
  A komodo dragon (D:8)
  A shadow (D:9)
  Sigmund (D:2)
  6 yaks
  3 steam dragons
  Duvessa (D:7)
  An orc warrior (D:7)
  An ice beast (D:6)
  A black bear (D:5)
  2 sky beasts
  4 ogres
  2 centaurs
  A phantom (D:4)
  10 kobold brigands
  2 bullfrogs
  5 scorpions (D:4)
  A wyvern skeleton (D:6)
  Dowan (D:7)
  A water moccasin skeleton (D:6)
  A howler monkey (D:6)
  5 hounds
  2 jellies
  2 bullfrog zombies (D:6)
  A centaur zombie (D:9)
  2 orc priests (D:7)
  A centaur skeleton (D:5)
  A gnoll shaman (D:7)
  A bullfrog skeleton (D:5)
  2 iguanas
  9 orc wizards
  A killer bee zombie (D:9)
  A hound skeleton (D:5)
  5 gnolls
  A howler monkey skeleton (D:4)
  8 adders
  A shadow imp (D:5)
  A white imp (D:6)
  An ufetubus (D:6)
  An adder zombie (D:5)
  A dart slug (D:4)
  40 orcs
  6 ball pythons
  15 bats
  5 endoplasms
  2 giant cockroaches
  3 goblins
  8 hobgoblins
  4 jackals (D:2)
  2 quokkas
  4 frilled lizards
  18 kobolds
  A quokka skeleton (D:4)
  25 rats
227 creatures vanquished.

Vanquished Creatures (others)
  An ice beast (D:5)
  An orc (D:5)
  4 fungi (D:4)
  4 plants (D:4)
10 creatures vanquished.

Grand Total: 237 creatures vanquished

Notes
Turn   | Place    | Note
-------+----------+-------------------------------------------
     0 | D:1      | cbfl8 the Hill Orc Fighter began the quest for the Orb.
     0 | D:1      | Reached XP level 1. HP: 19/19 MP: 1/1
   137 | D:1      | Reached XP level 2. HP: 27/27 MP: 2/2
   600 | D:1      | Reached skill level 3 in Axes
   611 | D:1      | Reached XP level 3. HP: 13/33 MP: 3/3
  1376 | D:2      | Identified the amulet "Tacvuhui" {Reflect +Blink rF+ Will+
                  | Regen+ SH+5}
  1386 | D:2      | Noticed Sigmund
  1395 | D:2      | Killed Sigmund
  1396 | D:2      | Reached skill level 4 in Axes
  1396 | D:2      | Reached skill level 1 in Dodging
  1396 | D:2      | Reached XP level 4. HP: 19/41 MP: 4/4
  1396 | D:2      | Reached XP level 5. HP: 22/47 MP: 5/5
  2017 | D:2      | Reached skill level 5 in Axes
  2155 | D:3      | Reached XP level 6. HP: 53/53 MP: 6/6
  2159 | D:3      | Identified the ring "Alac" {rF+ rC+ Will+ Str+4}
  2813 | D:4      | Reached skill level 5 in Fighting
  2923 | D:4      | Found an ancient bone altar of Kikubaaqudgha.
  2979 | D:4      | Reached skill level 6 in Axes
  2984 | D:4      | Reached XP level 7. HP: 61/61 MP: 7/7
  3052 | D:5      | Entered Level 5 of the Dungeon
  3396 | D:4      | Found Ceruw's Distillery.
  3411 | D:4      | Bought a potion of might for 40 gold pieces
  3411 | D:4      | Bought a potion of might for 40 gold pieces
  3411 | D:4      | Bought a potion of curing for 30 gold pieces
  3564 | D:4      | Reached skill level 7 in Axes
  3564 | D:4      | Reached skill level 5 in Shields
  3746 | D:4      | Reached XP level 8. HP: 12/69 MP: 8/8
  4027 | D:5      | Reached skill level 5 in Armour
  4164 | D:5      | Found a staircase to the Ecumenical Temple.
  4213 | D:5      | Became a worshipper of Beogh the Brigand
  4218 | D:5      | Reached skill level 8 in Axes
  4418 | D:5      | Reached skill level 9 in Axes
  4530 | D:5      | You fall into a shaft and drop 3 floors!
  4530 | D:8      | Noticed a yak
  4530 | D:8      | Noticed a yak
  4530 | D:8      | Noticed a yak
  4587 | D:8      | Noticed a komodo dragon
  4597 | D:8      | Killed a komodo dragon
  4631 | D:7      | Reached XP level 9. HP: 78/78 MP: 9/9
  4634 | D:7      | Reached skill level 10 in Axes
  4680 | D:7      | Noticed Dowan
  4681 | D:7      | Noticed Duvessa
  4688 | D:7      | Killed Dowan
  4692 | D:7      | Killed Duvessa
  4893 | D:7      | Found a runed translucent door.
  4897 | D:7      | Noticed a troll
  4897 | D:7      | Noticed cbfl8's ghost (novice HOFi)
  5015 | D:6      | Reached skill level 1 in Invocations
  5025 | D:6      | Reached skill level 1 in Stealth
  5066 | D:6      | Reached * piety under Beogh
  5324 | D:6      | Reached skill level 1 in Evocations
  5377 | D:6      | Reached skill level 11 in Axes
  5536 | D:6      | Found a snail-covered altar of Cheibriados.
  6232 | D:7      | Found Beilez's Antique Weapon Shoppe.
  6444 | D:7      | Found a sacrificial altar of Ru.
  6451 | D:7      | Found a radiant altar of Vehumet.
  6451 | D:7      | Found an ornate altar of the Wu Jian Council.
  6789 | D:8      | Reached XP level 10. HP: 80/86 MP: 10/12
  6883 | D:8      | Reached ** piety under Beogh
  7280 | D:7      | Reached skill level 12 in Axes
  7474 | D:8      | Noticed a kobold demonologist
  7623 | D:8      | Noticed a rust devil
  7637 | D:8      | Killed a kobold demonologist
  7917 | D:9      | HP: 3/88 [something (5)]
  7922 | D:9      | Killed from afar by a vampire

Illustrated notes

Levels and vault maps discovered:
D:1:      dpeg_arrival_subterranean_lakeside_camping, layout_loops_ring,
          grunt_decor_clamped
D:2:      layout_loops_ring, uniq_sigmund
D:3:      layout_rooms
D:4:      old_forge, layout_basic, kiku_gazebo_garden_becter,
          nicolae_stop_n_shop_2, nrook_mini_backslash, st_stairs_6,
          minmay_rat_hole
D:5:      layout_rooms, minmay_temple_entry_waves,
          corexii_item_surrounded_by_moat
D:6:      layout_rooms, minmay_ruined_shrine
D:7:      layout_basic, minitemple, ebering_ghost_inner_flame, serial_shops,
          nicolae_square_shop, uniq_duvessa
D:8:      nicolae_cairo_tiling, layout_cave_pools, special_room
          [special_room_kobold]
D:9:      layout_rooms, david_lair_shrubbed, grunt_ministairs_7,
          uniq_prince_ribbit1

Skill      XL: |  1  2  3  4  5  6  7  8  9 10 |
---------------+-------------------------------+-----
Fighting       | 4 5 6 7 8 |  8.3
Axes           | 3 4 5 6 7 9 11 12 | 12.6
Armour         | 4 5 6 |  6.5
Dodging        | 1 2 3 |  3.4
Shields        | 4 5 6 7 |  7.4
Invocations    | 2 3 |  3.8
Stealth        | 2 |  2.8
Evocations     | 2 |  2.8

Action                   |  1- 3 |  4- 6 |  7- 9 | 10-12 || total
-------------------------+-------+-------+-------+-------++-------
Melee: War axe           |    91 |   164 |   305 |   153 ||   713
Invok: Convert to Beogh  |       |       |     1 |       ||     1
Evoke: Wand              |       |       |       |     3 ||     3
  Use: Potion            |     1 |       |     6 |     7 ||    14
 Stab: Paralysed         |       |       |       |     3 ||     3
Armor: Scale mail        |    88 |    42 |    42 |       ||   172
       Plate armour      |       |       |    70 |       ||    70
       Chain mail        |       |       |    22 |    63 ||    85
Dodge: Dodged            |    96 |    56 |   113 |    36 ||   301
Block: Buckler           |    50 |    85 |   192 |    83 ||   410
       Reflection        |       |       |     2 |     6 ||     8
